 Dungeon Crawl Stone Soup version 0.28-a0-691-gad6df49e81 (webtiles) character file.

Game seed: 13756372808422634148

173 KoroneIsBestGirl the Covered (level 5, -2/43 HPs)
             Began as a Barachi Fighter on Oct 21, 2021.
             Slain by a scorpion (5 damage)
             ... on level 3 of the Dungeon.
             The game lasted 00:03:44 (4117 turns).

KoroneIsBestGirl the Covered (Barachi Fighter)      Turns: 4117, Time: 00:03:44

Health: -2/43      AC:  8    Str: 17    XL:     5   Next: 53%
Magic:  5/5        EV:  9    Int:  8    God:
Gold:   130        SH:  6    Dex: 19    Spells: 4/4 levels left

rFire   . . .      SeeInvis .   a - +0 long sword
rCold   . . .      Faith    .   c - +0 buckler
rNeg    . . .      Spirit   .   b - +0 scale mail
rPois   .          Reflect  .   (no helmet)
rElec   .          Harm     .   p - scarf {shadows}
rCorr   .          Rampage  .   l - +0 pair of gloves
Will    .....                   (no boots)
Stlth   ..........              (no amulet)
HPRegen 0.14/turn               m - +6 ring of dexterity
MPRegen 0.09/turn               (no ring)

@: slow
A: amphibious, slowness 1, strong legs 1, +LOS
a: Hop


You were on level 3 of the Dungeon.
You visited 1 branch of the dungeon, and saw 3 of its levels.

You collected 130 gold pieces.

Inventory:

Hand Weapons
 a - a +0 long sword (weapon)
Armour
 b - a +0 scale mail (worn)
 c - a +0 buckler (worn)
 l - a +0 pair of gloves (worn)
 p - a scarf of shadows (worn)
Magical Staves
 n - a staff of cold
Jewellery
 m - a +6 ring of dexterity (left hand)
Scrolls
 d - a scroll of acquirement {unknown}
 e - a scroll of identify {unknown}
 f - 4 scrolls of teleportation {unknown}
 g - a scroll of fear {unknown}
 h - a scroll of noise {unknown}
 o - a scroll of summoning {unknown}
Potions
 i - a potion of degeneration {unknown}
 k - a potion of attraction {unknown}
 q - 2 potions of heal wounds {unknown}


   Skills:
 + Level 4.9 Fighting
 - Level 3.3 Long Blades
 + Level 5.0 Armour
 + Level 4.5 Shields


You had 4 spell levels left.
You didn't know any spells.
Your spell library contained the following spells:

 Spells                   Type           Power      Damage    Failure   Level
 Static Discharge         Conj/Air       0%         N/A       90%         2
 Dispel Undead            Necr           0%         3d6       100%        4
 Sticky Flame             Conj/Fire      0%         2d3       100%        4


Dungeon Overview and Level Annotations

Branches:
Dungeon (3/15)

Altars:


Innate Abilities, Weirdness & Mutations

You are amphibious.
You cover ground slowly.
You can hop short distances.
You have an extended range of vision and can be seen from far away.


Message History

The scorpion is almost dead.
The scorpion stings you. x2
You are poisoned.
The scorpion poisons you!
You barely miss the scorpion.
The scorpion is almost dead.
You feel very sick. The scorpion stings you.
You hit the scorpion but do no damage.
The scorpion is severely wounded.
You feel sick. The scorpion misses you.
The scorpion stings you but does no damage.
You hit the scorpion.
The scorpion is almost dead.
You feel sick. The scorpion stings you.
* * * LOW HITPOINT WARNING * * *
You hit the scorpion but do no damage.
The scorpion is almost dead.
You feel sick. The scorpion stings you.
* * * LOW HITPOINT WARNING * * *
The scorpion stings you.
* * * LOW HITPOINT WARNING * * *
You hit the scorpion.
The scorpion is almost dead.
You feel sick. The scorpion closely misses you.
You hit the scorpion but do no damage.
The scorpion is almost dead.
You feel sick.
The scorpion stings you but does no damage.
You barely miss the scorpion.
The scorpion is almost dead.
You feel sick.
The scorpion stings you but does no damage.
The scorpion barely misses you.
You closely miss the scorpion.
The scorpion is almost dead.
You feel sick.
You are no longer poisoned.
The scorpion stings you.
You die...

.##.###.# ........# ..
.. ###.##### . .. #.#
#..#.#.# #.# #..#...# #
#.# #..##..#.# #.#
#..##..#.# #.#
#.(.[s...# ##.###
#....@...#
##.)..#######.#....####
...............[..$...+
##....#######.......###
##.#..# #......##
####.# #.#....# #.#
#......# #.# ####.###
#.# #.#


You could see a scorpion.

Vanquished Creatures
  An orc priest (D:3)
  A hound (D:2)
  An orc wizard (D:3)
  2 adders (D:2)
  An ufetubus (D:2)
  2 worms
  A dart slug (D:1)
  5 orcs (D:3)
  3 bats
  4 endoplasms
  4 giant cockroaches
  5 hobgoblins
  2 quokkas (D:1)
  2 ball pythons (D:1)
  4 frilled lizards
  5 goblins
  5 kobolds
  9 rats
57 creatures vanquished.

Notes
Turn   | Place    | Note
-------+----------+-------------------------------------------
     0 | D:1      | KoroneIsBestGirl the Barachi Fighter began the quest for
                  | the Orb.
     0 | D:1      | Reached XP level 1. HP: 18/18 MP: 1/1
   277 | D:1      | Reached XP level 2. HP: 15/25 MP: 2/2
  1071 | D:1      | Reached skill level 4 in Armour
  1246 | D:1      | Reached XP level 3. HP: 30/30 MP: 3/3
  2130 | D:2      | Reached XP level 4. HP: 35/37 MP: 4/4
  2550 | D:3      | HP: 1/38 [something/magic dart (8)]
  2563 | D:3      | Reached XP level 5. HP: 6/43 MP: 5/5
  3008 | D:3      | Noticed a black bear
  4043 | D:3      | Reached skill level 5 in Armour
  4117 | D:3      | Slain by a scorpion

Illustrated notes

Levels and vault maps discovered:
D:1:      amcnicky_arrival_abandoned_market, layout_basic, grunt_decor_fettered
D:2:      layout_loops_ring, kennysheep_generic_room_2
D:3:      layout_loops_corners

Skill      XL: |  1  2  3  4  5 |
---------------+----------------+-----
Fighting       | 4 |  4.9
Armour         | 4 5 |  5.0
Long Blades    | 3 |  3.3
Shields        | 4 |  4.5

Action                   |  1- 3 |  4- 6 || total
-------------------------+-------+-------++-------
Melee: Long sword        |   151 |    85 ||   236
 Abil: Hop               |       |     1 ||     1
  Use: Potion            |       |     3 ||     3
Armor: Scale mail        |    94 |    57 ||   151
Dodge: Dodged            |   104 |    59 ||   163
Block: Buckler           |    53 |    29 ||    82

Table legend: (Time is in decaauts)
 A = Elapsed time spent in this place.
 B = Non-inter-level travel time spent in this place.
 C = Inter-level travel time spent in this place.
 D = Time resting spent in this place.
 E = Time spent auto-exploring this place.
 F = Levels seen in this place.
 G = Mean time per level.
                   A        B        C        D        E       F      G
               +--------+--------+--------+--------+--------+-----+--------+
         Total |   4529 |   4429 |    100 |   1010 |   2818 |   3 | 1509.7 |
       Dungeon |   4529 |   4429 |    100 |   1010 |   2818 |   3 | 1509.7 |
               +--------+--------+--------+--------+--------+-----+--------+

Top non-repeatable levels by time:
     D:2: 1837 daAuts
     D:1: 1434 daAuts
     D:3: 1257 daAuts
